 Dungeon Crawl Stone Soup version 0.28-a0-925-gd5e1996cdb (webtiles) character file.

Game seed: 16815079434738607978

825 Anon1729 the Cudgeller (level 7, 0/62 HPs)
             Began as a Minotaur Monk on Nov 26, 2021.
             Was an Elder of Wu Jian.
             Slain by an orc (4 damage)
             ... on level 5 of the Dungeon.
             The game lasted 00:04:35 (4899 turns).

Anon1729 the Cudgeller (Minotaur Monk)              Turns: 4899, Time: 00:04:36

Health: 0/62       AC:  9    Str: 17    XL:     7   Next: 64%
Magic:  6/6        EV:  8    Int:  7    God:    Wu Jian [****..]
Gold:   257        SH:  0    Dex: 13    Spells: 6/6 levels left

rFire   . . .      SeeInvis .   a - +0 mace
rCold   . . .      Faith    .   (no shield)
rNeg    . . .      Spirit   .   d - +0 chain mail
rPois   .          Reflect  .   (helmet restricted)
rElec   .          Harm     .   (no cloak)
rCorr   .          Rampage  .   (no gloves)
Will    .....                   (no boots)
Stlth   ..........              (no amulet)
HPRegen 0.20/turn               (no ring)
MPRegen 0.10/turn               (no ring)

@: exhausted
A: horns 2, retaliatory headbutt
a: Renounce Religion, Wall Jump, Serpent's Lash


You were on level 5 of the Dungeon.
You worshipped Wu Jian.
Wu Jian was greatly pleased with you.
You visited 1 branch of the dungeon, and saw 5 of its levels.

You collected 257 gold pieces.

Inventory:

Hand Weapons
 a - a +0 mace (weapon)
 v - a +0 rapier
 w - a +2 vorpal hand axe
Armour
 b - a +0 robe
 d - a +0 chain mail (worn)
 i - a scarf of invisibility
Jewellery
 x - a ring of fire
Wands
 n - a wand of flame (11)
Scrolls
 c - 4 scrolls of identify {unknown}
 e - a scroll of vulnerability {unknown}
 f - a scroll of torment {unknown}
 j - 2 scrolls of enchant weapon {unknown}
 p - 4 scrolls of teleportation {unknown}
 r - a scroll of amnesia {unknown}
 s - a scroll of brand weapon {unknown}
 t - a scroll of blinking {unknown}
 u - a scroll of enchant armour {unknown}
Potions
 g - a potion of berserk rage {unknown}
 k - 3 potions of lignification {unknown}
 l - a potion of brilliance {unknown}
 m - a potion of attraction {unknown}
 o - 2 potions of flight {unknown}
 q - a potion of heal wounds {unknown}


   Skills:
 + Level 5.9 Fighting
 * Level 7.4 Maces & Flails
 + Level 4.3 Armour
 + Level 5.3 Dodging
 - Level 1.7 Stealth


You had 6 spell levels left.
You didn't know any spells.
Your spell library contained the following spells:

 Spells                   Type           Power      Damage    Failure   Level
 Scorch                   Fire           0%         2d5       100%        2
 Flame Wave               Conj/Fire      0%         3d3       100%        4
 Summon Cactus Giant      Summ           0%         N/A       100%        6


Dungeon Overview and Level Annotations

Branches:
Dungeon (5/15)
 Temple: D:4-7

Altars:
Wu Jian
Yredelemnul

Shops:
D:2 :

Annotations:
D:3 3 runed translucent doors, TheNamelessOne's ghost, amateur FoFi


Innate Abilities, Weirdness & Mutations

You have a pair of horns on your head.
You reflexively headbutt those who attack you in melee.


Message History

You kill the orc!
The Council accepts your kill.
The orc throws a boomerang.
The boomerang hits you.
* * * LOW HITPOINT WARNING * * *
Your muscles tense, ready for explosive movement...
You lunge with incredible momentum at the orc.
You hit the orc.
The orc is moderately wounded.
Things that are here:
a +0 short sword; an orc corpse; a hound corpse You closely miss the orc.
The orc is moderately wounded.
The orc barely misses you.
You hit the orc.
The orc is heavily wounded.
The orc hits you but does no damage.
You sock the orc!
You kill the orc!
The Council accepts your kill.
The orc throws a boomerang.
The boomerang barely misses you.
You lunge with incredible momentum at the orc.
You bludgeon the orc!!
You blow up the orc!
The Council accepts your kill.
Your supernatural speed expires.
Things that are here:
a +0 club; 2 boomerangs
Things that are here:
a +0 short sword; an orc corpse; a hound corpse You lunge at the orc.
You sock the orc!
You kill the orc!
The Council accepts your kill.
Things that are here:
a +0 club; 2 boomerangs
Things that are here:
a +0 short sword; an orc corpse; a hound corpse
Items here: )) [[ †.
Your chain mail prevents you from hitting the orc.
The orc hits you with a +0 dagger.
You die...

###### #### ......
..... ........
#######......
..$....##..@o))......
.........#######....
####....##)..# . #
.....###.#o).# #.
.###.....#..#
..###.#....(.#..#
##.....#.....#...#
#......#......#..#
#.....#.....##...


You could see an orc.

Vanquished Creatures
  A black bear (D:4)
  An ice beast (D:5)
  A necrophage (D:4)
  A water moccasin skeleton (D:4)
  A bullfrog zombie (D:5)
  A hound (D:5)
  2 orc priests (D:4)
  Jessica (D:2)
  Natasha (thrice) (D:2)
  Terence (D:2)
  2 orc wizards
  Robin (D:2)
  5 adders
  A shadow imp (D:4)
  A white imp (D:3)
  2 worms
  4 dart slugs
  24 orcs
  5 ball pythons
  3 bats
  6 endoplasms
  5 giant cockroaches (D:1)
  8 hobgoblins
  4 jackals (D:4)
  2 quokkas
  13 goblins
  7 kobolds
  4 rats
110 creatures vanquished.

Vanquished Creatures (others)
  A goblin (D:2)
1 creature vanquished.

Grand Total: 111 creatures vanquished

Notes
Turn   | Place    | Note
-------+----------+-------------------------------------------
     0 | D:1      | Anon1729 the Minotaur Monk began the quest for the Orb.
     0 | D:1      | Reached XP level 1. HP: 19/19 MP: 0/0
   195 | D:1      | Reached XP level 2. HP: 22/27 MP: 1/1
   627 | D:1      | Reached skill level 4 in Maces & Flails
   867 | D:1      | Found a faded altar of an unknown god.
   930 | D:1      | Prayed at the altar of an unknown god.
   930 | D:1      | Became a worshipper of the Wu Jian Council
   930 | D:1      | Reached * piety under Wu Jian
   930 | D:1      | Reached ** piety under Wu Jian
  1287 | D:2      | Reached XP level 3. HP: 29/33 MP: 2/2
  1368 | D:2      | Reached skill level 1 in Armour
  1505 | D:2      | Reached *** piety under Wu Jian
  1526 | D:2      | Noticed Terence
  1534 | D:2      | Killed Terence
  1535 | D:2      | Reached XP level 4. HP: 24/40 MP: 3/3
  1729 | D:2      | Found Lal Riemm's Book Shop.
  1765 | D:2      | Noticed Jessica
  1767 | D:2      | Killed Jessica
  1779 | D:2      | Noticed Robin
  1799 | D:2      | Killed Robin
  1800 | D:2      | Reached skill level 5 in Maces & Flails
  1811 | D:2      | Noticed Natasha
  1821 | D:2      | Killed Natasha
  1822 | D:2      | Reached XP level 5. HP: 11/47 MP: 4/4
  1965 | D:2      | Noticed Natasha
  1970 | D:2      | Killed Natasha
  1987 | D:2      | Noticed Natasha
  2038 | D:2      | Killed Natasha
  2775 | D:3      | Noticed TheNamelessOne's ghost (amateur FoFi)
  2912 | D:3      | Reached XP level 6. HP: 40/55 MP: 5/5
  3261 | D:3      | Found a runed translucent gate.
  3261 | D:3      | Found a runed translucent gate.
  3262 | D:3      | Found a runed translucent gate.
  3611 | D:4      | Reached **** piety under Wu Jian
  3732 | D:4      | Reached skill level 5 in Fighting
  3732 | D:4      | Reached skill level 6 in Maces & Flails
  4033 | D:4      | Found a basalt altar of Yredelemnul.
  4388 | D:4      | Reached XP level 7. HP: 38/61 MP: 6/6
  4592 | D:4      | Reached skill level 5 in Dodging
  4825 | D:5      | Entered Level 5 of the Dungeon
  4849 | D:5      | Reached skill level 7 in Maces & Flails
  4868 | D:5      | HP: 2/61 [something/puff of flame (8)]
  4874 | D:5      | HP: 2/62 [hound (2)]
  4891 | D:5      | HP: 3/62 [orc/boomerang (4)]
  4899 | D:5      | Slain by an orc

Illustrated notes

Levels and vault maps discovered:
D:1:      nzn_arrival_crosshair, layout_basic, serial_co_window_serial,
          co_window_paths_a, co_window_paths_a, co_window_of_opportunity_a,
          co_window_paths_a, co_window_corner_a, co_window_paths_a,
          co_window_paths_b, co_window_corner_b, co_window_broadway_c,
          co_window_2corner, co_window_broadway_c, glass_columns_c,
          glass_columns_a, glass_columns_c, glass_columns_c, glass_columns_c,
          chequers_ecumenical_altar_twisty, nrook_campfire,
          minmay_misc_feat_ornament, minmay_worlds_worst_comb
D:2:      layout_basic, serial_shops, nicolae_shop_hallway_stairs,
          minmay_diced_spiral, uniq_terence, uniq_natasha, uniq_jessica,
          uniq_robin
D:3:      cheibrodos_old_hovel, layout_loops_ring, gammafunk_ghost_icy,
          minmay_starry_boxes
D:4:      cheibrodos_pilgrimage, layout_basic,
          mainiacjoe_overflow_surrounded_room, nicolae_underground_beach
D:5:      nicolae_BIG_FREAKIN_CUBE, layout_basic, temple_statues

Skill      XL: |  1  2  3  4  5  6  7 |
---------------+----------------------+-----
Maces & Flails | 4 5 6 7 |  7.4
Fighting       | 4 5 |  5.9
Armour         | 1 2 3 4 |  4.3
Dodging        | 4 5 |  5.3
Stealth        | |  1.7

Action                   |  1- 3 |  4- 6 |  7- 9 || total
-------------------------+-------+-------+-------++-------
Melee: Mace              |    75 |   182 |    60 ||   317
       Headbutt          |    10 |    31 |     8 ||    49
Invok: Lunge             |     2 |     9 |     6 ||    17
       Whirlwind         |     1 |     6 |       ||     7
       Serpent's Lash    |       |       |     1 ||     1
Evoke: Wand              |       |       |     3 ||     3
  Use: Potion            |       |       |     5 ||     5
Armor: Robe              |     3 |       |       ||     3
       Chain mail        |    32 |    76 |    58 ||   166
Dodge: Dodged            |    32 |    89 |    26 ||   147

Table legend: (Time is in decaauts)
 A = Elapsed time spent in this place.
 B = Non-inter-level travel time spent in this place.
 C = Inter-level travel time spent in this place.
 D = Time resting spent in this place.
 E = Time spent auto-exploring this place.
 F = Levels seen in this place.
 G = Mean time per level.
                   A        B        C        D        E       F      G
               +--------+--------+--------+--------+--------+-----+--------+
         Total |   4955 |   4856 |     99 |    307 |   3863 |   5 |  991.0 |
       Dungeon |   4955 |   4856 |     99 |    307 |   3863 |   5 |  991.0 |
               +--------+--------+--------+--------+--------+-----+--------+

Top non-repeatable levels by time:
     D:2: 1479 daAuts
     D:1: 1275 daAuts
     D:4: 1247 daAuts
     D:3: 877 daAuts
     D:5: 75 daAuts
